 Dungeon Crawl Stone Soup version 0.25.0-1-g7eea58d (webtiles) character file.

Game seed: 6988187129214806382

23720 Bionic the Bludgeoner (level 13, -1/96 HPs)
             Began as a Formicid Fighter on June 13, 2020.
             Was the Champion of Ru.
             Slain by an ice devil (22 damage)
             ... on level 2 of the Orcish Mines.
             The game lasted 00:48:57 (22539 turns).

Bionic the Bludgeoner (Formicid Fighter)           Turns: 22539, Time: 00:48:58

Health: -1/96      AC: 14    Str: 25    XL:     13   Next: 37%
Magic:  6/13       EV:  1    Int: 13    God:    Ru [******]
Gold:   1558       SH: 17    Dex: 10    Spells: 12/12 levels left

rFire    . . .     SeeInvis +   A - +4 great mace
rCold    . . .     Gourm    .   c - +1 kite shield
rNeg     . . .     Faith    .   a - +0 plate armour
rPois    +         Spirit   .   (helmet unavailable)
rElec    .         Reflect  +   y - scarf {harm}
rCorr    .         Harm     .   (no gloves)
MR       +....                  t - +0 pair of boots
Stlth    ..........             n - amulet of reflection
HPRegen  0.26/turn              I - +6 ring of intelligence
MPRegen  0.13/turn              P - ring of poison resistance

@: exhausted, drained
A: permanent stasis, dig shafts and tunnels, four strong arms, antennae 3, dopey
1, no stealth, hated by all, no air magic, no charms magic, no transmutations
magic, reduced EV 1, unskilled 1
a: Dig, Shaft Self, Draw Out Power, Power Leap, Apocalypse, Renounce Religion


You were on level 2 of the Orcish Mines.
You worshipped Ru.
Ru was exalted by your worship.
You were not hungry.

You visited 2 branches of the dungeon, and saw 14 of its levels.
You also visited: Ossuary.

You collected 1778 gold pieces.
You spent 220 gold pieces at shops.


Innate Abilities, Weirdness & Mutations

You cannot be hasted, slowed, berserked, paralysed or teleported.
You can dig through walls and to a lower floor.
Your four strong arms can wield two-handed weapons with a shield.
You have a pair of large antennae on your head. (SInv)
You are dopey. (Int -2)
You cannot be stealthy.
You are hated by all.
You cannot study or cast Air magic.
You cannot study or cast Charms magic.
You cannot study or cast Transmutations magic.
You have somewhat slow reflexes. (EV -5)
You are somewhat unskilled. (-1 Apt)


   Skills:
 + Level 7.4(6.4) Fighting
 - Level 16.0(14.7) Maces & Flails
 + Level 7.3(6.3) Armour
 + Level 8.2(7.1) Shields


You had 12 spell levels left.
You didn't know any spells.
Your spell library contained the following spells:

 Spells                   Type           Power        Failure   Level  Hunger
 Olgreb's Toxic Radiance  Pois           #.......     100%        4    #####..
 Sting                    Tmut/Pois      Unusable     N/A         1    N/A
 Poisonous Vapours        Pois/Air       Unusable     N/A         2    N/A
 Ignite Poison            Fire/Tmut/Pois Unusable     N/A         3    N/A
 Mephitic Cloud           Conj/Pois/Air  Unusable     N/A         3    N/A

Inventory:

Hand Weapons
 A - a +4 great mace (weapon)
Missiles
 j - 218 stones (quivered)
Armour
 a - a +0 plate armour (worn)
 c - a +1 kite shield (worn)
 t - a +0 pair of boots (worn)
 y - a scarf of harm (worn)
Magical Staves
 u - an uncursed staff of energy {!a, unknown}
 v - an uncursed staff of poison {!a}
Jewellery
 n - an amulet of reflection (around neck)
 I - a +6 ring of intelligence (left hand)
 P - a ring of poison resistance (right hand)
 Z - an uncursed ring of wizardry
Scrolls
 e - a scroll of fog
 g - 3 scrolls of magic mapping
 h - 7 scrolls of remove curse {@r2}
 o - 2 scrolls of fear
 w - a scroll of amnesia
Potions
 b - a potion of flight
 k - 4 potions of curing {@q1}
 l - a potion of magic {unknown}
 m - 3 potions of invisibility
 p - a potion of brilliance
 q - a potion of mutation {unknown}
 r - 4 potions of lignification
 s - 4 potions of heal wounds {@q2}
 z - a potion of stabbing
Comestibles
 d - 6 chunks of flesh
 f - 17 rations {@e1}

Dungeon Overview and Level Annotations

Branches:
Dungeon (12/15)            Temple (0/1) D:5            Lair (0/6) D:10
    Orc (2/2) D:10            Elf (0/3) Orc:2       Ossuary (visited)

Altars:
Elyvilon
Gozag
Kikubaaqudgha
Makhleb
Nemelex Xobeh
Okawaru
Qazlal
Ru
Trog
Uskayaw
Vehumet
Xom
Yredelemnul
The Shining One
Beogh

Shops:
D:6 *   D:8 [   D:11 ? Orc:2

!!
...▒**{{,{,,,**,∩*,{▒▒.....▒.∩▒▒
..▒▒*{,,,,*,**∩,{{,,,▒▒..▒)....▒
..#▒▒*{{..{,,**,{*{,▒▒.....▒.∩▒▒
....▒▒*.▒.▒*{,***{,▒▒....▒...▒▒
..#..▒▒▒..{▒*,,*,,▒▒...▒)...▒▒***
......▒*▒..{▒*,{,▒▒........▒▒*,,,
.....##▒▒▒...▒*,▒▒...▒▒▒..▒▒*,,,,
..#.##..▒▒▒o.{▒▒▒...▒▒▒.)▒▒▒..,*,
.........▒▒▒...▒@..▒▒▒..▒▒▒...,,*
#.........▒▒▒.▒4▒)▒▒▒).▒▒▒....,,,
...........▒▒▒)..▒▒▒))▒▒▒.....,,,
............▒▒▒.▒▒▒))▒▒▒......,,*
.........)...▒▒▒▒▒))▒▒*.......,,*
..............▒▒▒).▒▒▒#.......,**
...............▒)..▒▒...........*
.^............))))..............#
................)..............#.


You could see an ice devil.


Message History

The orc high priest slows down under the weight of truth!
You kill the orange demon!
You kill the hellwing!
You kill the orc knight!
Your base Shields skill increases to level 8!
You feel drained.
You hear a shout! x6
The orc high priest hits you but does no damage.
You crush the orc high priest like a grape!!!
You kill the orc high priest!
The neqoxec disappears in a puff of smoke!
You bludgeon the orc priest!!
You kill the orc priest!
An ice devil comes into view.
You barely miss the ice devil. You block the ice devil's attack.
Your plate armour prevents you from hitting the ice devil.
You block the ice devil's attack.
You bludgeon the ice devil!!
The ice devil is heavily wounded.
You block the ice devil's attack.
You hit the ice devil but do no damage.
The ice devil is heavily wounded.
The ice devil hits you but does no damage.
Your plate armour prevents you from hitting the ice devil.
The ice devil is heavily wounded.
The ice devil hits you but does no damage.
You sock the ice devil!
The ice devil is severely wounded.
The ice devil hits you!
* * * LOW HITPOINT WARNING * * *
The ice devil freezes you!!
You die...

Skill      XL: |  1  2  3  4  5  6  7  8  9 10 11 12 13 |
---------------+----------------------------------------+-----
Shields        | 4 5 6 7 8 |  8.2
Maces & Flails | 3 4 5 6 8 11 13 15 16 | 16.0
Fighting       | 4 5 6 6 7 |  7.4
Armour         | 4 5 6 7 |  7.3

Action                   |  1- 3 |  4- 6 |  7- 9 | 10-12 | 13-15 || total
-------------------------+-------+-------+-------+-------+-------++-------
Melee: Flail             |    65 |   101 |       |       |       ||   166
       Morningstar       |       |   102 |   433 |  1101 |       ||  1636
       Dire flail        |       |       |       |       |    78 ||    78
       Great mace        |       |       |       |       |    71 ||    71
Throw: Stone             |     8 |    70 |   189 |   217 |    50 ||   534
Invok: Sacrifice Love    |       |       |     1 |       |       ||     1
       Sacrifice Skill   |       |       |     1 |       |       ||     1
       Sacrifice Purity  |       |       |       |     1 |       ||     1
       Sacrifice Stealth |       |       |       |     1 |       ||     1
       Sacrifice Health  |       |       |       |     1 |       ||     1
       Apocalypse        |       |       |       |       |     2 ||     2
       Sacrifice Arcana  |       |       |       |       |     1 ||     1
 Abil: Dig               |       |     6 |     7 |    19 |       ||    32
       Shaft Self        |       |       |       |     2 |       ||     2
Evoke: Wand              |       |       |       |     6 |       ||     6
  Use: Potion            |     2 |     1 |     1 |     3 |     3 ||    10
       Scroll            |       |     9 |     8 |     7 |     5 ||    29
 Stab: Invisible         |       |       |     1 |     9 |     1 ||    11
       Distracted        |       |       |       |     3 |     1 ||     4
       Petrified         |       |       |       |     4 |       ||     4
       Paralysed         |       |       |       |     3 |       ||     3
  Eat: Chunk             |     1 |     9 |    13 |    22 |     3 ||    48
       Ration            |       |       |     1 |     7 |     1 ||     9
Armor: Scale mail        |    29 |    66 |    33 |       |       ||   128
       Plate armour      |       |       |    78 |   264 |    24 ||   366
Dodge: Dodged            |    21 |    65 |    78 |   128 |     3 ||   295
Block: Kite shield       |    32 |   116 |   198 |   485 |    66 ||   897
       Reflection        |       |       |       |       |     6 ||     6

Levels and vault maps discovered:
D:1:      grunt_arrival_lava_bath, layout_basic, serial_corexii_hall,
          corexii_hall_statues_i, corexii_hall_statues_u,
          corexii_hall_statues_t, corexii_hall_statues_l
D:2:      layout_rooms, minmay_misc_feat_hallway, st_stairs_11
D:3:      layout_basic, minitemple, okawaru_metal_pillars_1_2,
          old_standard_altar, nicolae_qazlal_style_of_elements,
          nicolae_overflow_hidden_temple, first_ration, grunt_ministairs_9,
          uniq_sigmund
D:4:      layout_gridville, nemelex_xobeh_ov_fountains_minmay, tso_metal_star,
          lexackson_kobold_supper
D:5:      layout_basic, lemuel_crystal_altar, demons_altar,
          minmay_temple_entry_sparse_star, basic_altar, kennysheep_path_1
D:6:      layout_cave_pools, serial_shops, shop, uniq_edmund, uniq_menkaure
D:7:      layout_cave_pods, enter_ossuary_5, basic_altar
D:8:      layout_basic, serial_shops, shop_coins, david_nohive_1,
          serial_bayou_ford_a
D:9:      layout_basic, vehumet_statue, nicolae_zen_rock_garden, uniq_maggie,
          uniq_psyche
D:10:     minmay_the_grid_3x3 [minmay_the_grid_all_tris,
          minmay_the_grid_dragon_b, minmay_the_grid_tiny_cups,
          minmay_the_grid_spin_star, minmay_the_grid_paths,
          minmay_the_grid_minigrid_medium, minmay_the_grid_stretched_grid,
          minmay_the_grid_outer_diamond, minmay_the_grid_prize_four_corners],
          layout_long_grid, lair_entry_dummy, orc_0_dummy
D:11:     nzn_motion_control, layout_loops_corners, serial_shops, shop_statue
D:12:     minmay_mutant_horseshoe, layout_irregular_city, drop_trap,
          jmf_multi_god_temple2
Orc:1:    layout_caves, basic_altar
Orc:2:    pf_orc_diabolical, layout_diamond_mine, uniq_azrael

Notes
Turn   | Place    | Note
-------+----------+-------------------------------------------
     0 | D:1      | Bionic the Formicid Fighter began the quest for the Orb.
     0 | D:1      | Reached XP level 1. HP: 18/18 MP: 1/1
   227 | D:1      | Reached XP level 2. HP: 24/24 MP: 2/2
   977 | D:1      | Reached skill level 4 in Shields
   977 | D:1      | Reached XP level 3. HP: 18/30 MP: 3/3
  1171 | D:2      | Reached XP level 4. HP: 37/37 MP: 4/4
  1241 | D:2      | Reached skill level 3 in Maces & Flails
  2080 | D:2      | Reached skill level 4 in Fighting
  2080 | D:2      | Reached skill level 4 in Armour
  2080 | D:2      | Reached XP level 5. HP: 9/42 MP: 5/5
  2519 | D:3      | Found a basalt altar of Yredelemnul.
  2532 | D:3      | Found a hide-covered altar of Uskayaw.
  2534 | D:3      | Found a stormy altar of Qazlal.
  2691 | D:3      | Found an opulent altar of Gozag.
  2712 | D:3      | Noticed an air elemental
  2713 | D:3      | Noticed a water elemental
  2713 | D:3      | Noticed a fire elemental
  2790 | D:3      | Noticed Sigmund
  2810 | D:3      | Killed Sigmund
  2810 | D:3      | Reached skill level 4 in Maces & Flails
  2810 | D:3      | Reached XP level 6. HP: 23/49 MP: 6/6
  3074 | D:3      | Found a white marble altar of Elyvilon.
  3273 | D:3      | Reached skill level 5 in Shields
  3326 | D:3      | Found an iron altar of Okawaru.
  3415 | D:3      | Found a sacrificial altar of Ru.
  3415 | D:3      | Found a bloodstained altar of Trog.
  3510 | D:3      | Became a worshipper of Ru the Awakened
  3734 | D:4      | Reached XP level 7. HP: 47/55 MP: 7/7
  3823 | D:4      | Found a glowing golden altar of the Shining One.
  4155 | D:4      | Reached skill level 5 in Maces & Flails
  4521 | D:4      | Reached skill level 5 in Fighting
  4708 | D:4      | Found a sparkling altar of Nemelex Xobeh.
  4735 | D:4      | Reached skill level 5 in Armour
  4849 | D:4      | Reached XP level 8. HP: 62/62 MP: 8/8
  5071 | D:5      | Entered Level 5 of the Dungeon
  5258 | D:5      | Reached skill level 6 in Shields
  5452 | D:5      | Reached skill level 6 in Maces & Flails
  5547 | D:5      | Gained mutation: You are hated by all. [Ru sacrifice]
  5547 | D:5      | Reached * piety under Ru
  5823 | D:5      | Found a staircase to the Ecumenical Temple.
  5938 | D:5      | Found an ancient bone altar of Kikubaaqudgha.
  5947 | D:5      | Found a shimmering altar of Xom.
  6149 | D:5      | Reached skill level 6 in Fighting
  6318 | D:5      | Reached skill level 6 in Armour
  6318 | D:5      | Reached XP level 9. HP: 46/69 MP: 9/9
  6330 | D:5      | Reached skill level 7 in Maces & Flails
  6457 | D:5      | Found a burning altar of Makhleb.
  6600 | D:6      | Reached skill level 7 in Shields
  6659 | D:6      | Noticed Menkaure
  6948 | D:6      | Killed Menkaure
  7388 | D:6      | Noticed Edmund
  7404 | D:6      | Killed Edmund
  7501 | D:6      | Reached skill level 8 in Maces & Flails
  7917 | D:6      | Reached skill level 7 in Fighting
  8073 | D:6      | Found Nymnall's General Store.
  8232 | D:7      | Found a sand-covered staircase.
  8238 | Ossuary  | Entered an ossuary
  8247 | Ossuary  | Gained mutation: You are somewhat unskilled. (-1 Apt) [Ru
                  | sacrifice]
  8247 | Ossuary  | Reduced skill Fighting to level 6
  8247 | Ossuary  | Reduced skill Maces & Flails to level 7
  8247 | Ossuary  | Reached ** piety under Ru
  8247 | Ossuary  | Reached *** piety under Ru
  8636 | D:7      | Reached skill level 8 in Maces & Flails
  8636 | D:7      | Reached XP level 10. HP: 77/77 MP: 10/10
  8915 | D:7      | Reached skill level 9 in Maces & Flails
  9286 | D:7      | Found a bloodstained altar of Trog.
  9985 | D:8      | Found Kuthryt's Armour Shoppe.
 10041 | D:8      | Reached skill level 10 in Maces & Flails
 10241 | D:8      | Noticed a two-headed ogre
 10944 | D:8      | Killed a two-headed ogre
 10944 | D:8      | Reached skill level 11 in Maces & Flails
 11446 | D:8      | Reached XP level 11. HP: 16/83 MP: 11/11
 12368 | D:8      | Gained mutation: You are dopey. (Int -2) [Ru sacrifice]
 13422 | D:9      | Noticed Psyche
 13434 | D:9      | Killed Psyche
 13434 | D:9      | Reached skill level 12 in Maces & Flails
 13700 | D:9      | Found a radiant altar of Vehumet.
 13702 | D:9      | Noticed Maggie
 13719 | D:9      | Killed Maggie
 14095 | D:10     | Entered Level 10 of the Dungeon
 14238 | D:10     | Found a staircase to the Lair.
 14731 | D:10     | Found a staircase to the Orcish Mines.
 14856 | D:10     | Noticed a fire dragon
 14916 | D:10     | HP: 6/83 [fire dragon/blast of flame (10)]
 15547 | D:10     | Gained mutation: You cannot be stealthy. [Ru sacrifice]
 15547 | D:10     | Reached **** piety under Ru
 15605 | D:10     | Reached skill level 13 in Maces & Flails
 15780 | D:10     | Noticed a brown ugly thing
 15798 | D:10     | You fall into a shaft and drop 2 floors!
 16141 | D:12     | Noticed a rakshasa
 16371 | D:11     | Noticed a two-headed ogre
 16376 | D:11     | Killed a two-headed ogre
 16532 | D:11     | Reached XP level 12. HP: 89/89 MP: 12/12
 16980 | D:10     | You fall into a shaft and drop 1 floor!
 17532 | D:11     | Found Cofoesch's Magic Scroll Boutique.
 17559 | D:11     | Reached skill level 14 in Maces & Flails
 17820 | D:11     | Noticed a catoblepas
 18052 | D:11     | Killed a catoblepas
 18514 | D:10     | Killed a fire dragon
 18834 | D:10     | Noticed a two-headed ogre
 18846 | D:10     | Killed a two-headed ogre
 18846 | D:10     | Reached skill level 15 in Maces & Flails
 19346 | Orc:1    | Entered Level 1 of the Orcish Mines
 19478 | Orc:2    | Entered Level 2 of the Orcish Mines
 19499 | Orc:2    | Gained mutation: You have somewhat slow reflexes. (EV -5)
                  | [Ru sacrifice]
 19499 | Orc:2    | Reached ***** piety under Ru
 20028 | Orc:1    | Found a roughly hewn altar of Beogh.
 20806 | Orc:2    | Found a staircase to the Elven Halls.
 21115 | Orc:2    | Reached XP level 13. HP: 90/94 MP: 13/13
 21732 | Orc:2    | Reached skill level 16 in Maces & Flails
 21797 | Orc:2    | Found Woxkuf's Distillery.
 21799 | Orc:2    | Found Piaqen's Distillery.
 22051 | Orc:2    | Noticed Azrael
 22061 | Orc:2    | Killed Azrael
 22091 | Orc:2    | Reached skill level 7 in Fighting
 22388 | Orc:2    | Gained mutation: You cannot study or cast Air magic. [Ru
                  | sacrifice]
 22388 | Orc:2    | Gained mutation: You cannot study or cast Transmutations
                  | magic. [Ru sacrifice]
 22388 | Orc:2    | Gained mutation: You cannot study or cast Charms magic. [Ru
                  | sacrifice]
 22388 | Orc:2    | Reached ****** piety under Ru
 22493 | Orc:2    | Bought a potion of heal wounds for 80 gold pieces
 22495 | Orc:2    | Bought a potion of heal wounds for 70 gold pieces
 22495 | Orc:2    | Bought a potion of heal wounds for 70 gold pieces
 22514 | Orc:2    | Reached skill level 7 in Armour
 22531 | Orc:2    | Reached skill level 8 in Shields
 22539 | Orc:2    | Slain by an ice devil

Vanquished Creatures
  Azrael (Orc:2)
  A fire dragon (D:10)
  A catoblepas (D:11)
  3 two-headed ogres
  An orc high priest (Orc:2)
  2 orc knights (Orc:2)
  An orc sorcerer (Orc:2)
  A manticore (D:11)
  An ugly thing (D:10)
  A cyclops (Orc:1)
  An orange demon (Orc:2)
  Maggie (D:9)
  A smoke demon (Orc:2)
  A troll (D:10)
  A queen bee (D:8)
  3 hippogriffs
  A meliai zombie (D:11)
  Sigmund (D:3)
  3 wraiths (D:10)
  10 yaks
  A wyvern (D:11)
  A basilisk (D:11)
  2 fire elementals (Orc:2)
  A steam dragon (D:7)
  A hungry ghost (D:11)
  A vampire mosquito (D:10)
  Menkaure (D:6)
  Edmund (D:6)
  2 water moccasins
  2 hell hounds (Orc:2)
  27 orc warriors
  3 ice beasts
  A black bear (D:8)
  5 sky beasts
  5 phantoms
  2 eyes of draining (D:10)
  16 ogres
  5 centaurs
  4 big kobolds
  3 bullfrogs
  7 scorpions
  17 killer bees
  An electric eel (D:8)
  3 howler monkeys (D:11)
  A centaur zombie (D:6)
  9 crimson imps
  27 orc wizards
  2 quasits (D:10)
  30 orc priests
  7 hounds
  2 jellies
  A bullfrog skeleton (D:5)
  3 iron imps (D:5)
  4 iguanas
  5 worker ants
  A statue (D:9)
  A big kobold zombie (Ossuary)
  2 hound skeletons
  8 mummies (Ossuary)
  A worker ant zombie (D:7)
  7 gnolls
  6 adders
  4 shadow imps
  An ooze (D:2)
  2 adder skeletons
  A dart slug (D:2)
  4 leopard geckos
  73 orcs
  A giant cockroach (D:1)
  11 goblins
  7 hobgoblins
  8 jackals
  6 quokkas
  A ball python (D:3)
  9 bats
  5 frilled lizards
  A gnoll zombie (Ossuary)
  2 hobgoblin zombies (Ossuary)
  2 jackal skeletons
  26 kobolds
  A kobold zombie (Ossuary)
  A leopard gecko skeleton (D:4)
  3 orc zombies (Ossuary)
  A quokka zombie (D:5)
  8 rats
  A plant (D:4)
444 creatures vanquished.

Vanquished Creatures (others)
  Psyche (D:9)
  A meliai (D:10)
  A troll (Orc:2)
  An orc priest (Orc:2)
  An orc (Orc:2)
  A kobold (D:8)
  5 plants (D:8)
11 creatures vanquished.

Grand Total: 455 creatures vanquished

Table legend:
 A = Turns spent in this place as a percentage of turns spent in the entire game.
 B = Non-inter-level travel turns spent in this place as a percentage of non-inter-level travel turns spent in the entire game.
 C = Inter-level travel turns spent in this place as a percentage of turns spent in this place.
 D = Turns resting spent in this place as a percentage of non-inter-level travel turns spent in this place.
 E = Turns spent auto-exploring this place as a percentage of non-inter-level travel turns spent in this place.
 F = Non-inter-level travel turns spent in this place divided by the number of levels of this place that you've seen.
                   A       B       C       D       E      F
               +-------+-------+-------+-------+-------+----------------------
         Total | 100.0 | 100.0 |   1.9 |  29.6 |  45.8 | 1474.7
       Dungeon |  84.2 |  84.0 |   2.1 |  29.0 |  49.0 | 1548.1
  Orcish Mines |  14.2 |  14.4 |   0.5 |  36.3 |  25.0 | 1589.0
       Ossuary |   1.6 |   1.7 |   0.0 |   0.0 |  63.7 | 366.0
               +-------+-------+-------+-------+-------+----------------------

Table legend:
 A = Non-vault XP
 B = Vault XP
 C = Vault XP percentage of total XP
 D = Non-vault monster count
 E = Vault monster count
 F = Vault count percentage of total count
                 A         B        C        D         E       F
            +---------+---------+-------+---------+---------+-------
      Total |   17734 |   16152 |  47.7 |     328 |     117 |  26.3
            +---------+---------+-------+---------+---------+-------
        D:1 |      28 |      35 |  55.6 |      18 |       2 |  10.0
        D:2 |     100 |       1 |   1.0 |      23 |       1 |   4.2
        D:3 |      78 |     225 |  74.3 |      21 |       3 |  12.5
        D:4 |     461 |     115 |  20.0 |      22 |       8 |  26.7
        D:5 |    1378 |     118 |   7.9 |      29 |       3 |   9.4
        D:6 |     735 |     338 |  31.5 |      26 |       2 |   7.1
        D:7 |    1456 |     244 |  14.4 |      34 |       4 |  10.5
        D:8 |    2282 |     842 |  27.0 |      29 |      10 |  25.6
        D:9 |     423 |     863 |  67.1 |      14 |       3 |  17.6
       D:10 |    2211 |    4840 |  68.6 |      22 |      23 |  51.1
       D:11 |    3890 |    1531 |  28.2 |      24 |       2 |   7.7
      Orc:1 |    2183 |       0 |   0.0 |      27 |       0 |   0.0
      Orc:2 |    2509 |    6824 |  73.1 |      39 |      40 |  50.6
    Ossuary |       0 |     176 | 100.0 |       0 |      16 | 100.0
            +---------+---------+-------+---------+---------+-------
